 Dungeon Crawl Stone Soup version 0.17-a0-1510-gb3fb22e (webtiles) character file.

97 hexophile the Ruffian (level 4, -6/41 HPs)
             Began as a Ghoul Monk on July 5, 2015.
             Killed from afar by an orc wizard (10 damage)
             ... with a puff of flame
             ... on level 3 of the Dungeon on July 11, 2015.
             The game lasted 00:06:18 (2508 turns).

hexophile the Ruffian (Ghoul Monk)                  Turns: 2508, Time: 00:06:19

Health: -6/41      AC:  2    Str: 19    XL:     4   Next: 68%
Magic:  3/3        EV: 12    Int:  5    God:
Gold:   78         SH:  0    Dex: 11    Spells: 0 memorised, 3 levels left

rFire  . . .     SeeInvis .     q - +0 falchion (elec)
rCold  + . .     Clarity  .     a - +0 robe
rNeg   + + +     SustAt   .     (no shield)
rPois  ∞         Gourm    .     (no helmet)
rElec  .         Spirit   .     (no cloak)
rCorr  .         Warding  .     (no gloves)
rMut   .         Stasis   .     (no boots)
MR     .....                    (no amulet)
Stlth  ++........               (no ring)
                                d - +4 ring of strength

@: rotting, not resistant to hostile enchantments, unstealthy
A: rotting body, claws 1, carnivore 3, cold resistance 1, negative energy
resistance 3, slow healing 1, torment resistance, unbreathing
a: no special abilities


You were on level 3 of the Dungeon.
You were not hungry.

You visited 1 branch of the dungeon, and saw 3 of its levels.

You collected 78 gold pieces.

Inventory:

Hand weapons
 q - a +0 falchion of electrocution (weapon)
Missiles
 i - 31 poisoned needles
 l - 98 stones (quivered)
Armour
 a - a +0 robe (worn)
Jewellery
 d - a +4 ring of strength (left claw)
Scrolls
 g - 2 scrolls of magic mapping {unknown}
 j - a scroll of teleportation {unknown}
 k - a scroll of fear {unknown}
 m - a scroll of noise {unknown}
 r - a scroll of remove curse {unknown}
 s - a scroll of random uselessness {unknown}
 t - a scroll of identify {unknown}
Potions
 c - a potion of might {unknown}
 e - a potion of brilliance {unknown}
 n - a potion of curing {unknown}
 o - a potion of resistance {unknown}
Comestibles
 b - 2 meat rations
 f - a royal jelly
 h - 3 beef jerkies


   Skills:
 * Level 4.6 Fighting
 * Level 0.6 Long Blades
 - Level 2.6 Dodging
 - Level 2.1 Stealth
 - Level 5.4 Unarmed Combat


You had 3 spell levels left.
You didn't know any spells.

Dungeon Overview and Level Annotations

Branches:
Dungeon (3/15)

Altars:


Innate Abilities, Weirdness & Mutations

Your body is rotting away.
You thrive on raw meat.
You are immune to poison.
You have sharp fingernails.
You are carnivorous and can eat meat at any time.
Your flesh is cold resistant.
You are immune to negative energy.
You heal slowly when monsters are visible.
You are immune to unholy pain and torment.
You can survive without breathing.


Message History

Something hits you.
You barely miss the orc wizard.
The orc wizard is moderately wounded.
The orc wizard closely misses you. Something hits you.
The orc wizard hits you with an enchanted dagger.
* * * LOW HITPOINT WARNING * * *
Something hits you.
* * * LOW HITPOINT WARNING * * *
The orc wizard hits you with an enchanted dagger.
* * * LOW HITPOINT WARNING * * *
The orc wizard points at you and mumbles some strange words.
You closely miss something. Something hits you.
* * * LOW HITPOINT WARNING * * *
You hit something.
The orc wizard mumbles some strange words.
The orc wizard seems to speed up.
You hear some strange, mumbled words.
A puff of flame appears from out of thin air!
The puff of flame hits you!
You die...

#.#.# #. ..(
#####.#.# #. ..
#.......# #. ..
#.###.### #. #.
#....# %. #.## #
#.#..# .. ..#
#.#.#..# ####.#
#.#.#..# #.@.o#
#......#
#.##.#####.#.##
#<...).....#.#
.#..........#..
..........##.## ..
#...........#... ..
##.......#..####.####
.........##.# ..
###......## ... ##


You could see an orc wizard.

Vanquished Creatures
  2 adders
  2 oozes
  A worm (D:2)
  4 giant geckos (D:2)
  5 orcs
  3 giant cockroaches
  5 goblins
  6 hobgoblins
  3 jackals (D:3)
  A quokka (D:2)
  7 bats
  A giant newt (D:2)
  5 kobolds
  10 rats
55 creatures vanquished.

Notes
Turn   | Place    | Note
--------------------------------------------------------------
     0 | D:1      | hexophile the Ghoul Monk began the quest for the Orb.
     0 | D:1      | Reached XP level 1. HP: 19/19 MP: 0/0
   363 | D:1      | Reached XP level 2. HP: 19/24 MP: 1/1
   821 | D:1      | Reached skill level 5 in Unarmed Combat
   896 | D:1      | Reached XP level 3. HP: 33/33 MP: 2/2
  1337 | D:2      | Upgraded the game from 0.17-a0-1485-g22cb0ee to 0.17-a0-1510-gb3fb22e
  1633 | D:2      | Reached XP level 4. HP: 39/39 MP: 3/3
  2508 | D:3      | Killed from afar by an orc wizard

Vault maps used:
D:1:      lightli_arrival_isolated_outpost
D:2:      first_bread
D:3:      grunt_temple_overflow_opulence

Action                   |  1- 3 |  4- 6 || total
-------------------------+-------+-------++-------
Melee: Unarmed           |   109 |    35 ||   144
       Falchion          |       |    33 ||    33
 Stab: Sleeping          |     6 |     2 ||     8
  Eat: Chunk             |    18 |     8 ||    26
